Map: Rhoskallian LE

Players

dYXanG

  • Race: Terran Terran
  • Spawn Location: 5:00

Computer

  • Race: Protoss Protoss
  • Spawn Location: 6:00

ejecutorlong

  • Race: Terran Terran
  • League: Gold
  • Spawn Location: 12:00

David

  • Race: Terran Terran
  • Spawn Location: 11:00

VOD

Have the link to the VOD?

Description

Time

  • Played on: April 10, 2025, 10:59 a.m.
  • Length: 9:07
Show
View Real Time Build Order
Export as new Build Order

dYXanG Terran 

Build Orders:  

Get SALT Encoding   

  12  0:01  SCV  
  13  0:14  SCV  
  14  0:23  Supply Depot  
  14  0:26  SCV  
  15  0:44  SCV  
  15  0:46  Supply Depot  
  15  0:47  Barracks  
  16  0:57  SCV  
  17  1:07  Barracks  
  17  1:09  SCV  
  18  1:21  SCV  
  19  1:25  Barracks  
  19  1:35  SCV  
  20  1:40  Command Center  
  20  1:43  Refinery  
  20  1:47  SCV, Marine, Refinery  
  22  2:05  Marine  
  23  2:25  SCV  
  23  2:26  Marine  
  23  2:27  Marine x2  
  27  2:34  Engineering Bay  
  27  2:37  SCV  
  27  2:40  Barracks  
  27  2:41  Supply Depot  
  28  2:47  Barracks Reactor  
  28  2:50  Barracks Tech Lab  
  28  3:01  SCV  
  28  3:02  SCV  
  30  3:13  SCV, Stimpack  
  30  3:16  SCV  
  32  3:24  Refinery  
  32  3:25  Refinery, Barracks Reactor  
  32  3:26  SCV  
  33  3:28  SCV  
  33  3:31  Barracks Reactor  
  34  3:36  Factory  
  34  3:45  SCV x2  
  36  3:57  SCV x2  
  36  4:00  Terran Infantry Weapons Level 1  
  38  4:09  SCV x2  
  40  4:11  Factory  
  40  4:16  Missile Turret  
  40  4:17  Missile Turret  
  40  4:19  Marine x4, Missile Turret  
  40  4:20  Marine x3  
  40  4:21  SCV x2  
  49  4:33  SCV  
  49  4:35  Starport x2  
  49  4:37  Marine x4  
  54  4:47  Supply Depot  
  54  4:50  Missile Turret  
  54  4:52  Missile Turret  
  54  4:53  Combat Shield, Missile Turret, Armory, Factory Tech Lab  
  54  4:56  Orbital Command  
  54  5:09  Marine x7  
  54  5:13  Starport Reactor x2  
  61  5:26  Marine  
  62  5:30  Factory Tech Lab  
  62  5:35  Supply Depot  
  62  5:39  Supply Depot  
  62  5:40  Supply Depot  
  62  5:43  Supply Depot  
  62  5:47  Supply Depot  
  62  5:50  Supply Depot  
  62  5:51  Marine  
  62  5:52  Marine  
  62  5:54  Marine x2, Terran Infantry Armor Level 1  
  62  5:55  Marine  
  62  5:56  Marine x2, Cyclone  
  66  6:01  Supply Depot  
  66  6:03  Supply Depot  
  64  6:06  Medivac  
  64  6:08  Medivac  
  64  6:09  Marine x2  
  70  6:12  Marine x2  
  70  6:13  Marine  
  70  6:14  Marine x2  
  70  6:15  Concussive Shells  
  70  6:18  Terran Ship Weapons Level 1  
  75  6:27  Marine, Medivac x2  
  75  6:29  Cyclone  
  75  6:32  Marauder  
  85  6:36  Medivac  
  85  6:38  Medivac  
  89  6:41  Siege Tank  
  92  6:51  Missile Turret  
  92  6:53  Missile Turret  
  92  6:54  Marauder  
  94  6:55  Missile Turret  
  94  6:57  Medivac x2  
  98  7:15  Marauder  
  100  7:16  SCV x2  
  102  7:28  SCV x2  
  104  7:40  SCV x2  
  104  7:42  Marine x3  
  104  7:43  Marine x3, Marauder  
  114  7:52  SCV  
  114  7:53  SCV  
  116  8:00  Marine x4  
  116  8:01  Marine x2  
  116  8:04  Marauder  
  116  8:05  SCV  
  125  8:11  Liberator  
  125  8:14  Liberator  
  125  8:16  Liberator  
  125  8:18  Marine x2  
  126  8:20  Marine  
  126  8:23  Liberator  
  126  8:26  Marauder  
  126  8:55  Command Center  
Show
View Real Time Build Order
Export as new Build Order

Computer Protoss 

Build Orders:  

Get SALT Encoding   

  12  1:53  Probe  
  13  2:00  Pylon  
  13  2:05  Probe  
  13  2:06  Assimilator  
  14  2:12  Assimilator  
  14  2:17  Pylon, Probe  
  14  2:18  Pylon  
  14  2:19  Pylon  
  15  2:29  Probe  
  16  2:41  Probe  
  17  2:53  Probe  
  18  3:05  Probe  
  19  3:17  Probe  
  20  3:29  Probe  
  21  3:41  Probe  
  22  3:54  Probe  
  23  5:11  Nexus  
  23  6:30  Probe  
  24  6:43  Probe  
  25  6:55  Probe  
  25  7:00  Pylon x2  
  26  7:01  Pylon  
  26  7:07  Probe  
  27  7:19  Probe  
  27  7:31  Probe  
  26  7:43  Probe  
  26  7:55  Probe  
Show
View Real Time Build Order
Export as new Build Order

ejecutorlong Terran 

Build Orders: 2 Factory 

Get SALT Encoding   

  12  0:01  SCV  
  13  0:13  SCV  
  14  0:19  Supply Depot  
  14  0:25  SCV  
  15  0:41  SCV  
  15  0:42  Barracks  
  16  0:46  Refinery  
  16  0:53  SCV  
  17  1:10  SCV  
  18  1:29  Orbital Command  
  18  1:39  Barracks  
  18  1:40  Barracks Tech Lab  
  18  1:51  Refinery  
  18  1:54  SCV  
  20  2:06  SCV  
  20  2:14  Factory  
  20  2:27  Supply Depot  
  20  2:31  SCV  
  21  3:03  Command Center  
  21  3:14  Factory  
  21  3:15  Siege Tank  
  24  3:47  SCV  
  25  4:25  Siege Tank  
  28  4:34  Factory Reactor  
  28  4:48  Engineering Bay  
  28  5:06  SCV  
  29  5:26  Missile Turret  
  29  5:32  Missile Turret  
  29  5:37  Missile Turret  
  29  5:48  Missile Turret  
  29  5:52  Missile Turret  
  29  5:58  Missile Turret  
  29  6:01  Missile Turret  
  29  6:09  Missile Turret  
  29  6:12  Missile Turret  
  29  6:19  Siege Tank  
  29  6:23  Missile Turret  
  32  6:29  Missile Turret  
  32  6:43  Missile Turret  
  32  7:03  Missile Turret  
  32  7:21  Missile Turret  
  32  7:33  Siege Tank  
  35  7:39  Planetary Fortress  
  35  7:42  Missile Turret  
  35  8:02  Missile Turret  
  35  8:07  Widow Mine x2  
  39  8:29  Siege Tank  
  42  8:42  SCV  
  43  8:54  SCV  
Show
View Real Time Build Order
Export as new Build Order

David Terran 

Build Orders:  

Get SALT Encoding   

  12  0:02  SCV  
  13  0:15  Supply Depot  
  13  0:18  SCV  
  14  0:37  Engineering Bay  
  15  0:42  SCV  
  15  0:44  Refinery  
  15  0:56  Barracks  
  15  1:07  Barracks  
  15  1:15  Refinery  
  15  1:18  SCV  
  16  1:36  SCV  
  17  1:48  Supply Depot, SCV  
  18  2:00  SCV  
  19  2:03  Marine x2  
  21  2:12  Supply Depot, SCV  
  22  2:21  Marine x2  
  24  2:28  Factory  
  24  2:29  SCV  
  25  2:36  Supply Depot  
  25  2:41  SCV  
  25  2:43  Marine x2  
  28  2:57  SCV  
  29  3:01  Supply Depot  
  29  3:05  Marine x2  
  31  3:09  SCV  
  32  3:19  Factory Tech Lab  
  32  3:24  Barracks Tech Lab  
  32  3:25  Barracks Tech Lab  
  32  3:37  Starport  
  32  3:45  Starport  
  32  3:58  Orbital Command  
  32  4:26  Medivac  
  32  4:27  Medivac  
  36  4:32  Marine x2  
  38  4:50  Marine x2  
  40  4:54  Terran Infantry Weapons Level 1  
  40  5:07  Marine  
  40  5:08  Marine  
  42  5:25  Marine  
  42  5:26  Marine  
  44  5:43  Marine x2  
  42  6:01  Marine x2  
  38  6:14  Medivac x2  
  38  6:17  Siege Tank  
  45  6:19  Marine x2  
  47  6:36  Marine  
  47  6:37  Marine  
  49  6:48  Terran Infantry Armor Level 1  
  49  6:50  Siege Tank  
  52  6:54  Marine  
  52  6:55  Marine  
  54  7:12  Marine  
  46  7:32  Marine  
  46  7:33  Marine  
  46  7:36  Medivac x2  
  52  7:40  Siege Tank  
  54  7:50  Marine x2  
  54  8:08  Marine  
  55  8:18  Marine  
  53  8:23  Siege Tank  
  53  8:26  Supply Depot, SCV, Marine  
  48  8:36  Marine  
  48  8:38  SCV  
  50  8:43  Marine  
  51  8:49  Supply Depot  
  51  8:50  SCV  
  51  8:51  Command Center  
Tags
 
Add a new tag
Caveats
  • Supply blocks, unpowered buildings, or Contaminate may cause inaccurate times.
  • Supply counts are checked every 10 seconds.